Primer, chaotic male elven Priest ------- |..--.--------------------------- ---................%.^............| .|....---.--------------.....-----.--- ------- ..|.---- |----.-- -----.....| |...-- |..|..-- .....| --.|....-- --.|......-- ---..---......| ....--- |........---.........| |.........[.| -....| |..--.............--- .........[.- |....-- ------............| ---.|.......... --.--....| --...|.......-- --..- -........ |.....--- ------..---.......| |...---...... |.....| --..--...---.......#- -#--..[....[... -^.---- ---|......>..|.........# #............. ....| --..|...[...............-#-............ .-. |..........................[...-........ --.^.-------...........(.............<.. |....| |...f.a.f....*.........--.-- |...-- --..aaa....[..........----- |.--- ----@|.------........| --- ----- .|..--- ---- Primer the Adept Experience level: 7 Strength: 9 Dexterity: 15 Constitution: 16 Intelligence: 12 Wisdom: 13 Charisma: 10 Health: 0(55) Energy: 86(86) Def: 7 Gold: 114 Moves: 2599 Dungeon seed: 3yJEZ2j0ykIJ845C Game ID: Primer_1615035369 Your Inventory: Coins $ - 114 gold pieces Weapons a - a blessed +1 mace (weapon in hand) u - 12 +0 darts (in quiver) A - a poisoned +0 dart H - 7 +0 arrows I - a +0 bow Armor e - a blessed +0 robe (being worn) n - a +0 small shield (being worn) z - a +0 helmet F - a +0 pair of iron shoes (being worn) N - a +0 dwarvish iron helm (being worn) Comestibles c - a clove of garlic d - a sprig of wolfsbane o - 4 food rations T - a tripe ration Scrolls B - a scroll of food detection Spellbooks f - a spellbook of remove curse g - a spellbook of cure sickness Potions b - 5 potions of holy water V - a potion of sickness Rings l - a ring of see invisible (on left hand) Tools h - a magic marker (0:61) i - a wooden flute m - a mirror w - 6 wax candles (0:400) C - a leash M - a leash P - 8 tallow candles (0:200) Q - a blessed partly used wax candle (lit) (0:161) R - a blindfold S - 6 blessed tallow candles (0:200) Gems q - a worthless piece of blue glass r - a worthless piece of red glass t - a worthless piece of orange glass y - 2 jasper stones G - a worthless piece of yellow glass Y - a worthless piece of violet glass Spells and supernatural/magical abilities: Name Level Category Fail Memory r - remove curse 3 clerical 0% 88% K - cure sickness 3 healing 99% 88% W - pray for help -- divine ? -- X - turn undead -- divine ? -- Your skills at the end: Fighting Skills Weapon Skills mace [Basic] Spellcasting Skills clerical spells [Basic] Final Attributes: You were piously aligned. You were sleep resistant. You were poison resistant. You saw invisible. You had infravision. You were going to confuse monsters. You are dead. Vanquished creatures: 2 small mimics a dog a dwarf lord a fire ant a rock mole 2 shriekers 7 gnome lords 4 gnomish wizards a kobold mummy 8 dwarves a centipede a giant bat a dwarf zombie a werejackal an iguana a killer bee a coyote 3 hobbits a hobgoblin a giant rat 3 cave spiders a red mold 23 gnomes a gecko 8 jackals a fox 2 goblins 3 sewer rats 2 grid bugs 3 lichens a kobold zombie 88 creatures vanquished. Voluntary challenges: You had been an atheist until turn 2359. You used a wielded weapon 120 times, starting on turn 5. You read items or engraved 2 times, starting on turn 149. You never genocided any monsters. You never polymorphed an object. You never changed form. You used no wishes. You never split a pudding. You never wrote Elbereth's name. You never violated your personal moral code. Dungeon overview: The Dungeons of Doom: levels 1 to 3 Level 1 some fountains a long staircase Level 2 Level 3 a general store stairs to The Gnomish Mines The Gnomish Mines: levels 4 to 7 Level 4 stairs to The Dungeons of Doom Level 5 Level 6 <- You were here Level 7 some shops, a temple to Tyr, some fountains History has recorded: On T:1 you entered the Dungeons of Doom to retrieve the Amulet of Yendor! On T:401 you advanced to experience level 2. On T:424 you reached level 2 of The Dungeons of Doom. On T:615 you reached level 3 of The Dungeons of Doom. On T:744 you advanced to experience level 3. On T:848 you advanced to experience level 4. On T:1059 you reached level 1 of The Gnomish Mines. On T:1124 you advanced to experience level 5. On T:1400 you reached level 2 of The Gnomish Mines. On T:1485 you advanced to experience level 6. On T:1931 you reached level 3 of The Gnomish Mines. On T:2185 you reached level 4 of The Gnomish Mines. On T:2595 you advanced to experience level 7. Score breakdown: Gold: 114 ( 7009 points) Experience: 7 levels (13645 points) Exploration: 7 levels ( 14.58%) (10718 points) Discoveries: 7 items ( 2.45%) ( 4693 points) Valuables value: (no points given unless you survive) Artifact value: 0 ( 0 points) Variety of kills: 31 monsters ( 8.14%) ( 8557 points) Turncount: 2599 turns ( -387 points) Survival: died (score multiplied by 80%) Total score: 35388 Latest messages: Qwerty misses the killer bee. The killer bee stings! (3x) You miss the killer bee. The killer bee stings! (3x) Qwerty misses the killer bee. You kill the killer bee! Welcome to experience level 7. The killer bee misses. The killer bee stings! (2x) The killer bee misses. The killer bee stings! You miss the killer bee. The killer bee stings! The killer bee misses. (2x) You miss the killer bee. The killer bee stings! (4x) The killer bee misses. The killer bee stings! You begin praying to Loki. The killer bee stings! The killer bee misses. The killer bee stings! The killer bee misses. The killer bee stings! You die... Final status: Goodbye Primer the Priest, killed by a killer bee, while praying... You died in The Gnomish Mines on dungeon level 6 with 35388 points, and 114 pieces of gold, after 2599 moves. You were level 7 with a maximum of 55 hit points when you died.